 Dungeon Crawl Stone Soup version 0.23-a0-677-g07611c5723 (webtiles) character file.

838 ZanderDzel the Shield-Bearer (level 7, -4/63 HPs)
             Began as a Minotaur Fighter on Jan 10, 2019.
             Was a Follower of Elyvilon.
             Slain by a wolf (8 damage)
             ... led by Grum
             ... on level 7 of the Dungeon.
             The game lasted 00:14:12 (3623 turns).

ZanderDzel the Shield-Bearer (Minotaur Fighter)     Turns: 3623, Time: 00:14:12

Health: -4/63      AC: 15    Str: 23    XL:     7   Next: 67%
Magic:  6/6        EV: 10    Int:  5    God:    Elyvilon [*.....]
Gold:   194        SH: 10    Dex:  9    Spells: 6/6 levels left

rFire    . . .     SeeInvis .   x - +0 mace (holy)
rCold    . . .     Gourm    .   c - +0 shield
rNeg     . . .     Faith    .   h - +1 ring mail {rPois}
rPois    +         Spirit   .   (helmet restricted)
rElec    .         Reflect  .   (no cloak)
rCorr    .         Harm     .   p - +0 pair of gloves (curse)
MR       .....                  n - +0 pair of boots
Stlth    ..........             (no amulet)
HPRegen  0.20/turn              e - +5 ring of protection
MPRegen  0.10/turn              (no ring)

@: no status effects
A: retaliatory headbutt, horns 2
a: Lesser Healing, Divine Protection, Renounce Religion


You were on level 7 of the Dungeon.
You worshipped Elyvilon.
Elyvilon was aware of your devotion.
You were not hungry.

You visited 1 branch of the dungeon, and saw 7 of its levels.

You collected 194 gold pieces.

Inventory:

Hand Weapons
 a - a +0 flail
 x - a +0 mace of holy wrath (weapon)
Armour
 c - a +0 shield (worn)
 h - a +1 ring mail of poison resistance (worn)
 j - a +1 pair of gloves
 n - a +0 pair of boots (worn)
 p - a cursed +0 pair of gloves (worn)
Jewellery
 e - a +5 ring of protection (left hand)
Wands
 k - a wand of digging (5)
 w - a wand of acid (5)
Scrolls
 b - a scroll of enchant weapon {unknown}
 i - 4 scrolls of enchant armour
 l - a scroll of immolation
 m - 2 scrolls of teleportation {unknown}
 o - 2 scrolls of remove curse {unknown}
 q - a scroll of magic mapping {unknown}
 s - a scroll of blinking
 v - a scroll of holy word {unknown}
Potions
 d - 2 potions of might
 g - a potion of resistance
 r - 2 potions of curing
 t - 2 potions of agility
 u - a potion of ambrosia
Comestibles
 f - 6 rations


   Skills:
 + Level 6.0 Fighting
 - Level 5.0 Maces & Flails
 + Level 6.4 Armour
 - Level 2.1 Dodging
 + Level 6.5 Shields


You had 6 spell levels left.
You didn't know any spells.
Your spell library was empty.

Dungeon Overview and Level Annotations

Branches:
Dungeon (8/15)
 Temple: D:4-7         Lair: D:8-11

Altars:
Elyvilon
Makhleb
Vehumet

Annotations:
D:8 Grum, Harold


Innate Abilities, Weirdness & Mutations

You reflexively headbutt those who attack you in melee.
You have a pair of horns on your head.


Message History

The wolf bites you but does no damage. x3; The wolf barely misses you.
You block the wolf's attack. The wolf bites you but does no damage.
You barely miss the wolf.
The wolf is severely wounded.
The wolf bites you but does no damage. The wolf closely misses you.
You block the wolf's attack. The wolf bites you but does no damage.
The wolf bites you.
* * * LOW HITPOINT WARNING * * *
The wolf bites you.
* * * LOW HITPOINT WARNING * * *
Your shield and ring mail prevent you from hitting the wolf.
The wolf is severely wounded.
The wolf bites you.
* * * LOW HITPOINT WARNING * * *
The wolf bites you but does no damage. The wolf bites you.
* * * LOW HITPOINT WARNING * * *
The wolf bites you.
* * * LOW HITPOINT WARNING * * *
You block the wolf's attack. The wolf bites you!
You die...

#######
#.h@h.#
#.h...#
........#
..###......)
#...?..##
######.# .#
.#


You could see 3 wolves.

Vanquished Creatures
  Grinder (D:2)
  A hungry ghost (D:3)
  A wolf (D:8)
  A crimson imp (D:3)
  A bullfrog skeleton (D:8)
  An orc priest (D:4)
  A hound (D:8)
  2 worker ants (D:4)
  2 hound zombies
  A hound skeleton (D:4)
  9 adders
  4 gnolls (D:2)
  3 worms
  3 dart slugs
  2 leopard geckos
  2 orcs (D:4)
  A ball python (D:3)
  7 bats
  7 giant cockroaches
  8 goblins
  6 hobgoblins (D:1)
  12 jackals
  9 kobolds
  2 quokkas
  7 frilled lizards
  9 rats
103 creatures vanquished.

Notes
Turn   | Place    | Note
-------+----------+-------------------------------------------
     0 | D:1      | ZanderDzel the Minotaur Fighter began the quest for the
                  | Orb.
     0 | D:1      | Reached XP level 1. HP: 19/19 MP: 0/0
   127 | D:1      | Reached XP level 2. HP: 24/27 MP: 1/1
   479 | D:1      | Reached XP level 3. HP: 33/33 MP: 2/2
  1164 | D:2      | Reached XP level 4. HP: 40/40 MP: 3/3
  1592 | D:3      | Noticed Grinder
  1598 | D:2      | Reached skill level 1 in Dodging
  1724 | D:2      | Paralysed by Grinder for 2 turns
  1730 | D:2      | Paralysed by Grinder for 6 turns
  1770 | D:2      | Killed Grinder
  1770 | D:2      | Reached skill level 5 in Maces & Flails
  1770 | D:2      | Reached skill level 5 in Shields
  1770 | D:2      | Reached XP level 5. HP: 20/47 MP: 4/4
  1770 | D:2      | Reached XP level 6. HP: 22/53 MP: 5/5
  2067 | D:3      | Reached skill level 5 in Armour
  2330 | D:3      | Noticed a hungry ghost
  2353 | D:3      | Killed a hungry ghost
  2353 | D:3      | Reached skill level 5 in Fighting
  2376 | D:3      | Found a white marble altar of Elyvilon.
  2422 | D:3      | Became a worshipper of Elyvilon the Healer
  2439 | D:3      | Found a white marble altar of Elyvilon.
  2655 | D:3      | Found a burning altar of Makhleb.
  2656 | D:3      | Found a radiant altar of Vehumet.
  2676 | D:3      | Reached XP level 7. HP: 61/61 MP: 6/6
  3365 | D:4      | Reached * piety under Elyvilon
  3477 | D:5      | Entered Level 5 of the Dungeon
  3542 | D:5      | You fall through a shaft for 3 floors!
  3602 | D:8      | Noticed Grum
  3610 | D:8      | Noticed Harold
  3623 | D:7      | Slain by a wolf

Vault maps used:
D:1:      wheals_arrival_linesprint, minmay_misc_feat_doors, minmay_hexomino_u4
D:2:      first_ration, lemuel_flame_loot_1
D:3:      grunt_temple_overflow_lords_of_destruction,
          nicolae_overflow_crystal_walls, elyvilon_altar_4, uniq_grinder
D:5:      chequers_mini_garden, minmay_misc_feat_iff
D:7:      enter_bailey_2
D:8:      kennysheep_ambush_hall, grunt_temple_overflow_open, hangedman_ranch,
          uniq_harold, uniq_grum

Skill      XL: |  1  2  3  4  5  6  7 |
---------------+----------------------+-----
Shields        | 4 5 6 |  6.5
Armour         | 4 5 6 |  6.4
Fighting       | 4 5 6 |  6.0
Maces & Flails | 3 5 |  5.0
Dodging        | 2 |  2.1

Action                   |  1- 3 |  4- 6 |  7- 9 || total
-------------------------+-------+-------+-------++-------
Melee: Flail             |   127 |   142 |    72 ||   341
       Headbutt          |    14 |    20 |    11 ||    45
       Mace              |       |       |    19 ||    19
  Use: Potion            |       |     2 |       ||     2
       Scroll            |       |       |     9 ||     9
  Eat: Chunk             |       |     4 |     3 ||     7
       Ration            |       |     2 |       ||     2
Armor: Scale mail        |     4 |       |       ||     4
       Ring mail         |    48 |    64 |    63 ||   175
       Skin              |       |     7 |       ||     7
Dodge: Dodged            |    26 |    53 |    43 ||   122
Block: Shield            |    66 |    89 |    58 ||   213

Table legend:
 A = Non-vault XP
 B = Vault XP
 C = Vault XP percentage of total XP
 D = Non-vault monster count
 E = Vault monster count
 F = Vault count percentage of total count
                 A         B        C        D         E       F
            +---------+---------+-------+---------+---------+-------
      Total |     752 |     446 |  37.2 |      97 |       6 |   5.8
            +---------+---------+-------+---------+---------+-------
        D:1 |      63 |       6 |   8.7 |      35 |       3 |   7.9
        D:2 |      89 |     281 |  75.9 |      15 |       1 |   6.2
        D:3 |     273 |      48 |  15.0 |      28 |       1 |   3.4
        D:4 |     209 |       0 |   0.0 |      14 |       0 |   0.0
        D:5 |       4 |       0 |   0.0 |       1 |       0 |   0.0
        D:8 |     114 |     111 |  49.3 |       4 |       1 |  20.0
            +---------+---------+-------+---------+---------+-------
